Map: Pillars of Gold LE

Players

cure - Winner!

  • Race: Terran Terran
  • Spawn Location: 1:00

Lambo

  • Race: Zerg Zerg
  • Spawn Location: 7:00

Event: StayAtHome Story Cup #3

VOD

Have the link to the VOD?

Description

Time

  • Played on: March 11, 2021, 9:15 a.m.
  • Length: 10:49

All games in this series

Show
View Real Time Build Order
Export as new Build Order

cure Terran - Winner!

Build Orders: Reaper Expand, Hellion Banshee 

Get SALT Encoding   

  12  0:00  SCV  
  13  0:12  SCV  
  14  0:17  Supply Depot  
  14  0:24  SCV  
  15  0:39  SCV  
  15  0:40  Barracks  
  16  0:44  Refinery  
  16  0:51  SCV  
  17  1:03  SCV  
  18  1:15  SCV  
  19  1:27  Reaper  
  19  1:28  Orbital Command  
  20  1:42  Command Center  
  20  1:51  Supply Depot  
  20  1:53  SCV  
  21  1:59  Marine  
  22  2:05  SCV  
  23  2:14  Factory  
  23  2:18  SCV  
  23  2:21  Barracks Reactor  
  24  2:30  SCV  
  25  2:42  SCV  
  26  2:44  Command Center  
  26  2:54  Orbital Command  
  26  2:55  SCV  
  27  3:04  Starport  
  27  3:08  SCV  
  27  3:12  Refinery  
  28  3:18  Hellion x2  
  32  3:21  SCV  
  32  3:22  SCV  
  32  3:25  Barracks Tech Lab  
  34  3:33  SCV  
  35  3:34  SCV  
  36  3:42  Hellion x2  
  36  3:46  SCV  
  36  3:47  SCV  
  42  3:50  Banshee  
  42  3:52  Marine  
  46  3:57  Orbital Command  
  46  3:59  SCV  
  46  4:00  SCV  
  46  4:01  Cloaking Field  
  48  4:07  Supply Depot  
  48  4:12  SCV x2  
  48  4:13  Hellion  
  48  4:15  Hellion  
  48  4:16  Barracks Tech Lab  
  54  4:24  SCV x2  
  56  4:25  Orbital Command  
  56  4:34  Marine  
  56  4:35  Banshee  
  56  4:36  SCV x2  
  62  4:42  Stimpack  
  62  4:48  SCV x2  
  62  4:49  Barracks, Supply Depot  
  62  4:51  SCV  
  62  4:52  Factory Reactor  
  65  4:53  Barracks  
  65  4:54  Marine  
  65  4:59  Refinery  
  66  5:00  Refinery, SCV x2  
  66  5:03  SCV  
  69  5:12  SCV x2, Marine  
  72  5:15  SCV  
  72  5:19  Engineering Bay x2  
  73  5:22  Supply Depot  
  73  5:24  SCV x2, Supply Depot  
  73  5:27  SCV  
  76  5:32  Marine  
  76  5:33  Starport Reactor  
  77  5:43  SCV x3, Marine x2  
  77  5:47  Terran Infantry Armor Level 1, Terran Infantry Weapons Level 1, Supply Depot  
  82  5:52  Marine x3  
  82  5:55  SCV  
  86  5:57  Barracks  
  86  5:58  Barracks  
  86  6:02  Siege Tank  
  89  6:07  SCV x3  
  89  6:11  Supply Depot x2  
  92  6:17  Medivac x2  
  96  6:19  SCV x3  
  96  6:24  Marine x2  
  101  6:32  Marine x3  
  104  6:33  Supply Depot  
  104  6:36  Combat Shield, Siege Tank  
  104  6:38  Supply Depot  
  104  6:39  SCV x2  
  109  6:46  Barracks Reactor x2  
  109  6:48  Marine x2  
  109  6:50  Marine x3  
  109  6:54  Refinery x2  
  114  6:56  Armory  
  114  7:02  SCV x2  
  114  7:07  Marine x2  
  114  7:08  Marine x3, Medivac x2  
  123  7:14  SCV x2  
  123  7:15  SCV  
  128  7:17  Supply Depot  
  128  7:18  Supply Depot  
  128  7:24  Marine x4  
  128  7:25  Marine  
  133  7:36  Marine  
  133  7:38  Marine x2, Siege Tank  
  136  7:45  Terran Infantry Armor Level 2, Terran Infantry Weapons Level 2  
  136  7:48  Marine x5  
  141  7:59  Supply Depot  
  141  8:00  Supply Depot  
  141  8:01  Terran Vehicle Weapons Level 1  
  141  8:07  SCV x3, Marine x3  
  129  8:15  Marine x6  
  129  8:19  SCV x3  
  138  8:23  Medivac x2  
  138  8:24  Siege Tank  
  138  8:25  Marine x2  
  138  8:27  Marine  
  145  8:32  Marine x3  
  149  8:35  Marine x2  
  149  8:36  Marine  
  149  8:39  Factory  
  152  8:43  Marine x2  
  152  8:44  Marine  
  153  8:50  Marine x3  
  153  8:52  Medivac  
  153  8:53  Marine x3  
  133  9:00  Marine  
  133  9:01  Marine  
  133  9:02  Marine  
  134  9:06  Medivac  
  134  9:07  Siege Tank  
  134  9:08  Marine x3  
  134  9:11  Marine x3  
  135  9:18  Marine  
  135  9:20  Marine x2  
  135  9:21  Command Center  
  135  9:22  Medivac  
  124  9:26  Marine x3  
  124  9:29  Marine x3  
  124  9:30  SCV x3  
  129  9:31  Factory Tech Lab  
  129  9:36  Marine  
  130  9:38  Marine x2  
  130  9:42  SCV  
  130  9:43  Medivac, Siege Tank  
  130  9:44  Marine x3  
  141  9:47  Marine x2  
  141  9:49  Marine  
  141  9:51  Siege Tank  
  147  9:52  Medivac  
  147  9:54  Marine  
  147  9:56  Marine x2  
  152  10:01  Marine x2  
  152  10:04  Marine x3  
  147  10:07  Marine  
  147  10:13  Medivac  
  147  10:15  Siege Tank  
  147  10:21  Marine x5  
  152  10:22  Marine  
Show
View Real Time Build Order
Export as new Build Order

Lambo Zerg 

Build Orders: Hatch First 

Get SALT Encoding   

  12  0:00  Drone  
  13  0:13  Overlord  
  13  0:17  Drone  
  14  0:31  Drone x2  
  16  0:50  Hatchery  
  16  0:52  Drone  
  16  0:56  Drone  
  17  1:00  Drone  
  18  1:10  Extractor  
  17  1:15  Spawning Pool  
  16  1:18  Drone  
  16  1:22  Drone  
  18  1:28  Drone  
  19  1:41  Drone  
  20  1:51  Drone  
  21  2:01  Queen  
  21  2:02  Queen, Zergling x4  
  27  2:12  Drone  
  27  2:13  Overlord  
  28  2:26  Hatchery  
  28  2:29  Drone  
  28  2:32  Drone  
  28  2:33  Drone  
  30  2:38  Drone  
  30  2:41  Metabolic Boost  
  31  2:46  Drone  
  31  2:50  Overlord  
  32  2:56  Queen  
  34  3:02  Drone x2  
  36  3:09  Queen  
  38  3:15  Drone x3  
  38  3:16  Drone  
  42  3:20  Drone  
  42  3:22  Drone  
  42  3:23  Overlord  
  44  3:37  Queen  
  44  3:38  Drone  
  44  3:39  Overlord  
  48  3:41  Drone  
  48  3:42  Drone  
  48  3:44  Zergling x4  
  48  3:46  Drone  
  48  3:47  Drone  
  53  3:49  Drone  
  53  3:53  Drone  
  55  3:57  Drone  
  55  4:02  Zergling x4  
  58  4:06  Drone  
  58  4:07  Drone x2  
  58  4:09  Drone  
  62  4:10  Lair  
  62  4:11  Overlord  
  62  4:13  Extractor  
  62  4:14  Drone  
  62  4:19  Drone x3  
  62  4:20  Drone  
  66  4:30  Overlord  
  66  4:31  Drone x4  
  66  4:34  Drone  
  66  4:36  Queen  
  66  4:38  Baneling Nest  
  72  4:39  Drone x2  
  72  4:45  Spore Crawler  
  73  4:47  Drone  
  73  4:48  Spore Crawler  
  73  4:52  Drone x3  
  76  4:53  Drone x2  
  76  4:57  Extractor, Zergling x4  
  76  4:59  Extractor, Drone x2  
  81  5:00  Drone  
  81  5:04  Zergling x2  
  82  5:10  Spore Crawler  
  82  5:13  Overlord  
  81  5:14  Overseer  
  81  5:17  Overlord  
  81  5:22  Overlord  
  81  5:23  Hatchery, Queen, Overlord  
  81  5:24  Centrifical Hooks  
  82  5:31  Overlord  
  82  5:32  Overseer  
  82  5:35  Drone x3  
  85  5:37  Drone x2  
  85  5:38  Evolution Chamber  
  85  5:40  Evolution Chamber  
  85  5:41  Drone x3  
  88  5:44  Drone x2  
  88  5:45  Drone x2  
  88  5:47  Drone  
  93  5:52  Zergling x6  
  94  6:04  Drone x5  
  94  6:08  Drone x3  
  94  6:09  Drone  
  94  6:10  Zerg Ground Armor Level 1, Zerg Melee Weapons Level 1  
  101  6:18  Zergling x10, Spore Crawler, Overlord  
  103  6:26  Zergling x6  
  106  6:34  Hatchery, Zergling x4  
  106  6:38  Zergling x4  
  109  6:43  Zergling x6  
  109  6:46  Zergling x6  
  115  6:53  Baneling x2, Zergling x8  
  115  6:54  Baneling x4  
  119  6:55  Baneling x4  
  119  6:57  Queen  
  119  6:58  Zergling x10  
  119  7:01  Evolution Chamber  
  125  7:05  Drone x2  
  119  7:11  Drone x7  
  121  7:21  Zergling x6  
  124  7:23  Baneling x8  
  124  7:24  Baneling x5  
  124  7:26  Zergling x4  
  126  7:31  Zergling x2  
  126  7:32  Queen  
  126  7:34  Zergling x4  
  126  7:39  Zergling x6  
  126  7:40  Overlord  
  126  7:42  Overlord  
  126  7:43  Zergling x2  
  126  7:44  Overlord  
  128  7:45  Overlord x2  
  128  7:48  Baneling x2  
  128  7:50  Overlord  
  127  7:52  Overlord  
  127  7:53  Zergling x10  
  127  7:55  Zergling x6  
  130  8:01  Zergling x12  
  134  8:08  Zergling x10  
  122  8:13  Zergling x6  
  122  8:15  Zerg Ground Armor Level 2, Queen x2, Zerg Melee Weapons Level 2  
  122  8:17  Zergling x2  
  122  8:18  Infestation Pit  
  125  8:20  Baneling x6  
  125  8:21  Zergling x8  
  125  8:23  Baneling x5  
  125  8:24  Zergling x6  
  125  8:25  Queen x2  
  136  8:29  Zergling x2  
  136  8:30  Zergling x2  
  136  8:32  Queen  
  136  8:34  Zergling x8  
  144  8:37  Zergling x4  
  144  8:38  Overlord  
  146  8:41  Zergling x2  
  146  8:43  Baneling x7  
  146  8:45  Zergling x2  
  146  8:50  Zergling x2  
  146  8:51  Zergling x6  
  146  8:53  Zergling x4  
  120  8:56  Zergling x4  
  120  8:59  Zergling x16  
  125  9:05  Zergling x8  
  125  9:07  Baneling x6  
  123  9:12  Baneling x8, Zergling x2  
  123  9:13  Zergling x8  
  126  9:17  Zergling x2  
  126  9:21  Zergling x4  
  126  9:22  Zergling x2  
  119  9:25  Zergling x2  
  119  9:28  Queen  
  119  9:30  Hive  
  120  9:32  Zergling x6  
  120  9:33  Baneling x8  
  120  9:34  Zergling x4  
  125  9:39  Zergling x12  
  125  9:42  Zergling x10  
  125  9:45  Baneling  
  132  9:46  Overlord  
  132  9:49  Zergling x10  
  132  9:52  Zergling x2  
  135  9:53  Baneling x4  
  135  9:55  Zergling x4  
  135  9:56  Queen x2  
  143  10:00  Zergling x4  
  143  10:06  Zergling x6  
  132  10:09  Zergling x2  
  132  10:10  Baneling x16  
  132  10:11  Zergling x2  
  132  10:14  Zergling x8  
  132  10:16  Baneling x5  
  132  10:17  Zergling x2  
  132  10:18  Zergling x2  
  132  10:19  Zergling x2  
  137  10:26  Zergling x2  
  132  10:30  Zergling x6  
  132  10:33  Baneling  
  132  10:34  Baneling x5  
Tags
 
Add a new tag
Caveats
  • Supply blocks, unpowered buildings, or Contaminate may cause inaccurate times.
  • Supply counts are checked every 10 seconds.